 Dungeon Crawl Stone Soup version 0.18.1-48-g4cf74bf (webtiles) character file.

319 dearth the Chopper (level 6, 0/58 HPs)
             Began as a Hill Orc Fighter on Aug 5, 2016.
             Was an Initiate of Okawaru.
             Slain by an orc wizard
             ... wielding a +0 dagger
              (3 damage)
             ... on level 4 of the Dungeon.
             The game lasted 00:13:13 (4899 turns).

dearth the Chopper (Hill Orc Fighter)               Turns: 4899, Time: 00:13:14

Health: 0/58       AC:  6    Str: 21    XL:     6   Next: 45%
Magic:  6/6        EV: 10    Int:  8    God:    Okawaru [......]
Gold:   238        SH: 10    Dex: 13    Spells: 0 memorised, 5 levels left

rFire  . . .     SeeInvis .     a - +0 war axe
rCold  . . .     Gourm    .     p - +1 ring mail of Parts Unknown {Dex+3}
rNeg   . . .     Faith    .     c - +1 shield
rPois  .         Spirit   .     (no helmet)
rElec  .         Dismiss  .     (no cloak)
rCorr  .         Reflect  .     (no gloves)
SustAt .         Harm     .     (no boots)
MR     .....                    (no amulet)
Stlth  +.........               (no ring)
                                i - +2 ring of evasion

@: not resistant to hostile enchantments, very unstealthy
A: no striking features
a: Renounce Religion


You were on level 4 of the Dungeon.
You worshipped Okawaru.
Okawaru was noncommittal.
You were very hungry.

You visited 1 branch of the dungeon, and saw 5 of its levels.

You collected 238 gold pieces.

Inventory:

Hand Weapons
 a - a +0 war axe (weapon)
Armour
 c - a +1 shield (worn)
 k - a +2 shield
 m - a +3 scale mail
 p - the +1 ring mail of Parts Unknown (worn) {Dex+3}
   (You found it on level 4 of the Dungeon)

   It affects your dexterity (+3).
Jewellery
 i - a +2 ring of evasion (left hand)
Wands
 r - a wand of confusion (16/48)
Scrolls
 b - a scroll of amnesia
 e - 2 scrolls of enchant armour
 g - 2 scrolls of fear {unknown}
Potions
 d - 2 potions of might
 h - a potion of invisibility {unknown}
 j - a potion of mutation {unknown}
 l - a potion of lignification
 q - a potion of curing {unknown}
Comestibles
 f - 2 bread rations
 n - a beef jerky
 o - a slice of pizza
 s - 2 meat rations


   Skills:
 * Level 6.3 Fighting
 * Level 6.6 Axes
 - Level 3.2 Armour
 - Level 3.2 Shields


You had 5 spell levels left.
You didn't know any spells.

Dungeon Overview and Level Annotations

Branches:
Dungeon (5/15)
 Temple: D:4-7

Altars:
Gozag
Okawaru
Pakellas
Trog

Shops:
D:4 ?

Annotations:
D:4 Pikel


Message History

You block Pikel's attack.
You barely miss the jackal.
The jackal is almost dead.
You miss Pikel. The jackal misses you. Pikel barely misses you.
You block the jackal's attack.
You hit the jackal but do no damage.
The jackal is almost dead.
You closely miss Pikel. You block the jackal's attack.
Pikel closely misses you. You block the jackal's attack.
Unknown command.
You slash the jackal!
You kill the jackal!
Okawaru accepts your kill.
You completely miss Pikel. Pikel barely misses you.
Pikel hits you but does no damage.
You are electrocuted!
* * * LOW HITPOINT WARNING * * *
You closely miss something. You slash Pikel!
Pikel is lightly wounded.
Something hits you.
You die...

#.†...# #.. ##.....#
#.# #......# #######
#.# #.)....# #.....#
#.# #......# #.###p#
#.# #.#.###### #.# #p#
#.# #.#..†...# #K# #.#
#.# #.######.# #.# #p#
#@# #.# #.# #p# #K# #K#
##.######.# #p# #.# #.#
#.........# #.#
#.####h######..########
#.# #.pK.ppp.......#
#.# #####..........#
#.# #..######### #.#
#..# # #.# #..#


You could see Pikel, 3 slaves and a jackal.

Vanquished Creatures
  A slave (D:5)
  An orc priest (D:4)
  An orc wizard (D:3)
  7 gnolls
  11 adders
  2 worms
  3 giant geckos
  12 orcs
  A ball python (D:3)
  2 giant cockroaches (D:3)
  5 hobgoblins (D:2)
  6 jackals
  A quokka (D:4)
  9 bats
  7 giant newts
  5 goblins
  6 kobolds
  9 rats
89 creatures vanquished.

Notes
Turn   | Place    | Note
--------------------------------------------------------------
     0 | D:1      | dearth the Hill Orc Fighter began the quest for the Orb.
     0 | D:1      | Reached XP level 1. HP: 19/19 MP: 1/1
   329 | D:1      | Reached XP level 2. HP: 25/27 MP: 2/2
   880 | D:2      | Reached XP level 3. HP: 18/33 MP: 3/3
  1113 | D:2      | Found an oddly glowing altar of Pakellas.
  1347 | D:2      | Reached XP level 4. HP: 28/41 MP: 4/4
  2250 | D:2      | Reached skill level 5 in Fighting
  2532 | D:2      | Reached skill level 5 in Axes
  2532 | D:2      | Reached XP level 5. HP: 20/48 MP: 5/5
  3674 | D:3      | Found an opulent altar of Gozag.
  3762 | D:3      | Found an iron altar of Okawaru.
  3762 | D:3      | Found a bloodstained altar of Trog.
  3771 | D:3      | Became a worshipper of Warmaster Okawaru
  3885 | D:3      | Reached XP level 6. HP: 48/57 MP: 6/6
  4456 | D:4      | Found Naymakh's Magic Scroll Boutique.
  4521 | D:4      | Got an ichor-stained ring mail
  4532 | D:4      | Identified the +1 ring mail of Parts Unknown {Dex+3} (You found it on level 4 of the Dungeon)
  4654 | D:4      | Noticed Pikel
  4655 | D:4      | Noticed a slave
  4655 | D:4      | Noticed a slave
  4655 | D:4      | Noticed a slave
  4657 | D:4      | Noticed a slave
  4700 | D:5      | Entered Level 5 of the Dungeon
  4702 | D:5      | Killed a slave
  4899 | D:4      | Slain by an orc wizard

Skill      XL: |  1  2  3  4  5 |
---------------+----------------+-----
Axes           | 3 4 5 6 |  6.6
Fighting       | 4 5 6 |  6.3
Armour         | |  3.2
Shields        | |  3.2

Action                   |  1- 3 |  4- 6 || total
-------------------------+-------+-------++-------
Melee: War axe           |   222 |   335 ||   557
  Use: Scroll            |       |     8 ||     8
       Potion            |       |     1 ||     1
  Eat: Chunk             |     1 |    12 ||    13
Armor: Scale mail        |   144 |   132 ||   276
       Ring mail         |       |    21 ||    21
Dodge: Dodged            |   127 |   146 ||   273
Block: Shield            |   167 |   229 ||   396
